 Dungeon Crawl Stone Soup version 0.21.1-1-g345015f (webtiles) character file.

210 Hebeh the Covered (level 5, 0/49 HPs)
             Began as a Deep Dwarf Fighter on June 18, 2018.
             Slain by Grinder (5 damage)
             ... on level 4 of the Dungeon.
             The game lasted 00:09:33 (1986 turns).

Hebeh the Covered (Deep Dwarf Fighter)              Turns: 1986, Time: 00:09:34

Health: 0/49       AC:  8    Str: 21    XL:     5   Next: 56%
Magic:  0/5        EV:  7    Int:  8    God:
Gold:   135        SH:  9    Dex: 12    Spells: 4/4 levels left

rFire    x . .     SeeInvis .   a - +0 war axe
rCold    + . .     Gourm    .   c - +0 shield
rNeg     . . .     Faith    .   b - +0 scale mail
rPois    .         Spirit   +   s - +0 helmet
rElec    .         Reflect  .   h - scarf {repulsion}
rCorr    .         Harm     .   (no gloves)
MR       .....                  (no boots)
Stlth    ..........             o - amulet of guardian spirit (curse)
HPRegen  0.00/turn              i - ring of ice
MPRegen  0.09/turn              (no ring)

@: non-regenerating, repel missiles
A: damage resistance, heal wounds, sense surroundings 1, no regeneration
a: Heal Wounds


You were on level 4 of the Dungeon.
You were hungry.

You visited 1 branch of the dungeon, and saw 4 of its levels.

You collected 135 gold pieces.

Inventory:

Hand Weapons
 a - a +0 war axe (weapon)
Armour
 b - a +0 scale mail (worn)
 c - a +0 shield (worn)
 e - a +1 cloak
 h - a scarf of repulsion (worn)
 s - a +0 helmet (worn)
Jewellery
 i - a ring of ice (left hand)
 o - a cursed amulet of guardian spirit (around neck)
Wands
 g - a wand of disintegration (12)
Scrolls
 j - 2 scrolls of identify
 r - 3 scrolls of fear
Potions
 d - a potion of might
 l - 2 potions of haste
 m - a potion of curing
 p - a potion of flight
Comestibles
 f - 6 rations


   Skills:
 + Level 3.5 Fighting
 * Level 4.2 Axes
 + Level 4.3 Armour
 + Level 4.2 Shields


You had 4 spell levels left.
You didn't know any spells.

Dungeon Overview and Level Annotations

Branches:
Dungeon (4/15)
 Temple: D:4-7

Altars:
Ashenzari
Dithmenos
Hepliaklqana
Okawaru

Annotations:
D:4 Grinder


Innate Abilities, Weirdness & Mutations

You are resistant to damage.
You can heal yourself by infusing magical energy.
You passively map a small area around you.
You do not regenerate.


Message History

You slash Grinder!
Grinder is heavily wounded.
Grinder gestures at you. Pain shoots through your body!
You are too injured to fight recklessly!
You are too injured to fight recklessly!
You are too injured to fight recklessly!
You are too injured to fight recklessly!
You are too injured to fight recklessly!
You are too injured to fight recklessly!
You are too injured to fight recklessly!
You barely miss Grinder.
Grinder is heavily wounded.
Grinder gestures at you. Pain shoots through your body!
* * * LOW HITPOINT WARNING * * *
Grinder hits you.
* * * LOW HITPOINT WARNING * * *
You writhe in agony.
You die...

#.......#
#.####..# *
* #)#<....#
, ,
*#.###...# *
**,
#...<...# *
####.^..# ,
#.....# *
,#..)..#
##.#@## *
#...5.......
####.#######
* ..# ***
*###


You could see Grinder.

Vanquished Creatures
  2 orc priests (D:3)
  An orc wizard (D:3)
  Robin (D:3)
  2 adders (D:3)
  An adder skeleton (D:4)
  A worm (D:2)
  A dart slug (D:3)
  2 leopard geckos
  8 orcs (D:3)
  5 giant cockroaches
  12 goblins
  6 hobgoblins
  6 jackals
  A quokka (D:3)
  4 bats
  5 frilled lizards
  8 kobolds
  8 rats
74 creatures vanquished.

Notes
Turn   | Place    | Note
-------+----------+-------------------------------------------
     0 | D:1      | Hebeh the Deep Dwarf Fighter began the quest for the Orb.
     0 | D:1      | Reached XP level 1. HP: 20/20 MP: 1/1
   121 | D:1      | Reached XP level 2. HP: 18/27 MP: 2/2
   579 | D:2      | Found an iron altar of Okawaru.
   894 | D:2      | Reached XP level 3. HP: 14/34 MP: 3/3
  1200 | D:3      | Reached XP level 4. HP: 29/42 MP: 4/4
  1267 | D:3      | Found a hazy altar of Hepliaklqana.
  1300 | D:3      | Found a shadowy altar of Dithmenos.
  1499 | D:3      | Noticed Robin
  1505 | D:3      | Reached XP level 5. HP: 28/49 MP: 5/5
  1522 | D:3      | Killed Robin
  1910 | D:4      | Found a shattered altar of Ashenzari.
  1966 | D:4      | Noticed Grinder
  1967 | D:4      | Paralysed by Grinder for 6 turns
  1986 | D:4      | Slain by Grinder

Skill      XL: |  1  2  3  4  5 |
---------------+----------------+-----
Fighting       | 3 |  3.5
Axes           | 3 4 |  4.2
Armour         | 4 |  4.3
Shields        | 4 |  4.2

Action                   |  1- 3 |  4- 6 || total
-------------------------+-------+-------++-------
Melee: War axe           |   109 |    86 ||   195
 Abil: Heal Wounds       |     1 |     2 ||     3
  Use: Scroll            |       |     8 ||     8
  Eat: Chunk             |     1 |     2 ||     3
Armor: Scale mail        |    55 |    55 ||   110
Dodge: Dodged            |    33 |    35 ||    68
Block: Shield            |    64 |    64 ||   128
